FCL
FCL ARIZONA DIAMONDBACKS @ FCL DETROIT TIGERS
05/19/2042
 
TOP OF THE 1ST
FCL Arizona Diamondbacks batting - Pitching for FCL Detroit Tigers : RHP José Sánchez
Pitching: RHP José Sánchez
Batting: RHB Gil Ramírez 0-0: SINGLE (Groundball, 13, EV 62.5 MPH) (infield hit)
Batting: SHB Eric Bennett 0-0: Sac Bunt to 5S - play at first, batter OUT! 5-3
Gil Ramírez to second
Batting: LHB Luis Castro 0-0: Ball
1-0: Called Strike
1-1: Ball
2-1: Ball
3-1: Foul Ball, location: 2F
3-2: Ground out U3 (Groundball, 3, EV 98.8 MPH)
Gil Ramírez to third
Batting: LHB Lonnie Davis 0-0: Hit by Pitch
Batting: RHB Tommy Holland 0-0: Called Strike
0-1: Called Strike
0-2: Ball
1-2: Strikes out swinging
Top of the 1st over - 0 runs, 1 hit, 0 errors, 2 left on base; FCL Arizona 0 - FCL Detroit 0
BOTTOM OF THE 1ST
FCL Detroit Tigers batting - Pitching for FCL Arizona Diamondbacks : RHP Shawn Fearon
Pitching: RHP Shawn Fearon
Batting: LHB Buddy Burns 0-0: Ball
1-0: SINGLE (Groundball, 6MD, EV 98.8 MPH)
Batting: LHB José Pérez 0-0: Ground out U3 (Groundball, 3S, EV 90.0 MPH)
Buddy Burns to second
Batting: RHB José Peña 0-0: Ground out 6-3 (Groundball, 6, EV 106.9 MPH)
Buddy Burns to third
Batting: RHB Joe Murdoch 0-0: Ball
1-0: Called Strike
1-1: Swinging Strike
1-2: Strikes out swinging
Bottom of the 1st over - 0 runs, 1 hit, 0 errors, 1 left on base; FCL Arizona 0 - FCL Detroit 0
TOP OF THE 2ND
FCL Arizona Diamondbacks batting - Pitching for FCL Detroit Tigers : RHP José Sánchez
Batting: RHB Jeremy Roberts 0-0: Called Strike
0-1: Ball
1-1: Called Strike
1-2: Ball
2-2: Strikes out swinging
Batting: RHB Dave Wade 0-0: Ball
1-0: Swinging Strike
1-1: Foul Ball, location: 3SF
1-2: Strikes out swinging
Batting: RHB Jesús Ortega 0-0: Called Strike
0-1: Ball
1-1: Ball
2-1: Foul Ball, location: 25F
2-2: Ball
3-2: Foul Ball, location: 2F
3-2: Base on Balls
Batting: RHB Joe Nelson 0-0: Ball
1-0: Ball
2-0: Ball
3-0: Base on Balls
Jesús Ortega to second
Batting: RHB Gil Ramírez 0-0: Ball
1-0: Ball
2-0: Called Strike
2-1: Called Strike
2-2: Strikes out swinging
Top of the 2nd over - 0 runs, 0 hits, 0 errors, 2 left on base; FCL Arizona 0 - FCL Detroit 0
BOTTOM OF THE 2ND
FCL Detroit Tigers batting - Pitching for FCL Arizona Diamondbacks : RHP Shawn Fearon
Batting: SHB José Sánchez 0-0: Swinging Strike
0-1: Ball
1-1: Foul Ball, location: 2F
1-2: Strikes out swinging
Batting: RHB Joe Dodson 0-0: Called Strike
0-1: Swinging Strike
0-2: Ball
1-2: Strikes out looking
Batting: RHB Bob Cash 0-0: Called Strike
0-1: Called Strike
0-2: Ball
1-2: Foul Ball, location: 2F
1-2: Ball
2-2: Foul Ball, location: 2F
2-2: SINGLE (Groundball, 6MD, EV 105.6 MPH) (infield hit)
Batting: RHB Jarred McClain 0-0: Ball
1-0: Fly out, F8 (Flyball, 78D, EV 110.6 MPH)
Bottom of the 2nd over - 0 runs, 1 hit, 0 errors, 1 left on base; FCL Arizona 0 - FCL Detroit 0
TOP OF THE 3RD
FCL Arizona Diamondbacks batting - Pitching for FCL Detroit Tigers : RHP José Sánchez
Batting: SHB Eric Bennett 0-0: Called Strike
0-1: Ball
1-1: Called Strike
1-2: Strikes out swinging
Batting: LHB Luis Castro 0-0: Called Strike
0-1: Ball
1-1: Swinging Strike
1-2: DOUBLE (Line Drive, 9LM, EV 104.4 MPH)
Batting: LHB Lonnie Davis 0-0: Ball
1-0: Ball
2-0: Foul Ball, location: 9LSF
2-1: Foul Ball, location: 5SF
2-2: Ground out 1-3 (Groundball, 13S, EV 65.0 MPH)
Luis Castro to third
Batting: RHB Tommy Holland 0-0: Ball
1-0: Called Strike
1-1: Ball
2-1: Ball
3-1: Base on Balls
Batting: RHB Jeremy Roberts 0-0: Ball
1-0: Called Strike
1-1: Foul Ball, location: 2F
1-2: Ball
2-2: Ball
3-2: Fly out, F7 (Flyball, 7S, EV 86.3 MPH)
Top of the 3rd over - 0 runs, 1 hit, 0 errors, 2 left on base; FCL Arizona 0 - FCL Detroit 0
BOTTOM OF THE 3RD
FCL Detroit Tigers batting - Pitching for FCL Arizona Diamondbacks : RHP Shawn Fearon
Batting: RHB Vince Brightman 0-0: Foul Ball, location: 2F
0-1: Called Strike
0-2: Ball
1-2: Foul Ball, location: 23F
1-2: Strikes out swinging
Batting: LHB Buddy Burns 0-0: Called Strike
0-1: Ball
1-1: Foul Ball, location: 7LSF
1-2: Foul Ball, location: 5F
1-2: SINGLE (Groundball, 4M, EV 84.4 MPH)
Batting: LHB José Pérez 0-0: Ball
1-0: Foul Ball, location: 7LDF
1-1: Called Strike
Buddy Burns steals 2nd base
1-2: Ground out U3 (Groundball, 34, EV 86.3 MPH)
Buddy Burns to third
Batting: RHB José Peña 0-0: Ball
1-0: Ball
2-0: Ball
3-0: Called Strike
3-1: Called Strike
3-2: Foul Ball, location: 3F
3-2: Fly out, F9 (Flyball, 9, EV 86.3 MPH)
Bottom of the 3rd over - 0 runs, 1 hit, 0 errors, 1 left on base; FCL Arizona 0 - FCL Detroit 0
TOP OF THE 4TH
FCL Arizona Diamondbacks batting - Pitching for FCL Detroit Tigers : RHP José Sánchez
Batting: RHB Dave Wade 0-0: Called Strike
0-1: Ground out 5-3 (Groundball, 56S, EV 80.6 MPH)
Batting: RHB Jesús Ortega 0-0: Ball
1-0: Called Strike
1-1: Ball
2-1: Foul Ball, location: 9LDF
2-2: Strikes out looking
Batting: RHB Joe Nelson 0-0: Ball
1-0: Called Strike
1-1: Ball
2-1: Ball
3-1: Base on Balls
Batting: RHB Gil Ramírez 0-0: Ball
1-0: Ball
2-0: Ball
3-0: Base on Balls
Joe Nelson to second
Batting: SHB Eric Bennett 0-0: Fly out, F6 (Line Drive, 6M, EV 68.1 MPH)
Top of the 4th over - 0 runs, 0 hits, 0 errors, 2 left on base; FCL Arizona 0 - FCL Detroit 0
BOTTOM OF THE 4TH
FCL Detroit Tigers batting - Pitching for FCL Arizona Diamondbacks : RHP Shawn Fearon
Batting: RHB Joe Murdoch 0-0: Called Strike
0-1: Ball
1-1: DOUBLE (Groundball, 5L, EV 100.0 MPH)
Batting: SHB José Sánchez 0-0: Ball
1-0: 2-RUN HOME RUN (Flyball, 9LD, EV 91.9 MPH), Distance : 339 ft
Batting: RHB Joe Dodson 0-0: SOLO HOME RUN (Flyball, 7D, EV 98.1 MPH), Distance : 395 ft
Batting: RHB Bob Cash 0-0: Foul Ball, location: 25FF
0-1: Foul Ball, location: 2F
0-2: Strikes out swinging
Batting: RHB Jarred McClain 0-0: Ball
1-0: Ground out 5-3 (Groundball, 56S, EV 77.5 MPH)
Batting: RHB Vince Brightman 0-0: Called Strike
0-1: Ball
1-1: Ball
2-1: Called Strike
2-2: Foul Ball, location: 9LSFF
2-2: Foul Ball, location: 9LSF
2-2: Ball
3-2: Foul Ball, location: 9LSF
3-2: Base on Balls
Batting: LHB Buddy Burns 0-0: Ball
1-0: Ball
2-0: Called Strike
2-1: SINGLE (Line Drive, 9LS, EV 90.0 MPH)
Vince Brightman to second
Batting: LHB José Pérez 0-0: Swinging Strike
0-1: Foul Ball, location: 9LDF
0-2: Foul Ball, location: 25F
0-2: Strikes out swinging
Bottom of the 4th over - 3 runs, 4 hits, 0 errors, 2 left on base; FCL Arizona 0 - FCL Detroit 3
TOP OF THE 5TH
FCL Arizona Diamondbacks batting - Pitching for FCL Detroit Tigers : RHP José Sánchez
Batting: LHB Luis Castro 0-0: Ball
1-0: Ball
2-0: SINGLE (Groundball, 13S, EV 70.0 MPH) (infield hit)
Pitching: RHP Alvin Dotson
Batting: LHB Lonnie Davis 0-0: Swinging Strike
0-1: Foul Ball, location: 2F
0-2: DOUBLE (Flyball, 8LXD, EV 95.0 MPH)
Luis Castro to third
Batting: RHB Tommy Holland 0-0: Swinging Strike
0-1: Ball
1-1: SINGLE (Line Drive, 9S, EV 108.1 MPH)
Luis Castro scores
Lonnie Davis to third
Runner from 3rd tries for Home, SAFE, throw by RF to home
Batting: RHB Jeremy Roberts 0-0: Called Strike
0-1: Foul Ball, location: 7LMF
0-2: Ball
1-2: Fly out, F8 (Line Drive, 8RM, EV 87.5 MPH)
Pinch Hitting: LHB Tommy Montgomery 0-0: Ball
Tommy Holland steals 2nd base
1-0: Foul Ball, location: 2RF
1-1: Ball
2-1: Swinging Strike
2-2: Ball
3-2: Strikes out swinging
Batting: RHB Jesús Ortega 0-0: Called Strike
0-1: Ball
1-1: Foul Ball, location: 2F
1-2: Strikes out swinging
Top of the 5th over - 2 runs, 3 hits, 0 errors, 1 left on base; FCL Arizona 2 - FCL Detroit 3
BOTTOM OF THE 5TH
FCL Detroit Tigers batting - Pitching for FCL Arizona Diamondbacks : RHP Shawn Fearon
Now at 3B: Juan Sánchez
Batting: RHB José Peña 0-0: Swinging Strike
0-1: Foul Ball, location: 9LDF
0-2: Strikes out swinging
Batting: RHB Joe Murdoch 0-0: Called Strike
0-1: Foul Ball, location: 7LMF
0-2: Ball
1-2: Ball
2-2: Ball
3-2: Reached via error on a dropped throw from C, E3 (Groundball, 2R, EV 64.4 MPH)
Pitching: RHP Jeff Holt
Batting: SHB José Sánchez 0-0: Foul Ball, location: 7LMF
0-1: Foul Ball, location: 2F
0-2: Ball
1-2: Strikes out swinging
Pinch Hitting: RHB Ken Weston 0-0: Called Strike
0-1: Ball
1-1: Ball
2-1: Swinging Strike
2-2: Strikes out swinging
Bottom of the 5th over - 0 runs, 0 hits, 1 error, 1 left on base; FCL Arizona 2 - FCL Detroit 3
TOP OF THE 6TH
FCL Arizona Diamondbacks batting - Pitching for FCL Detroit Tigers : RHP Alvin Dotson
Now in CF: Doug Waller
Batting: RHB Joe Nelson 0-0: Ball
1-0: Ball
2-0: Ball
3-0: Called Strike
3-1: Base on Balls
Batting: RHB Gil Ramírez 0-0: Fielders Choice at 2nd, 2-4 (Groundball, 2L, EV 66.9 MPH)
Pinch Hitting: LHB Cristóbal García 0-0: Ball
1-0: Ball
2-0: Ball
3-0: Base on Balls
Gil Ramírez to second
Batting: LHB Luis Castro 0-0: Ball
1-0: Foul Ball, location: 5DF
1-1: Called Strike
Gil Ramírez steals 3rd base (no throw)
1-2: Strikes out swinging
Pinch Hitting: RHB Katsunan Kaneko 0-0: Ball
1-0: Ball
2-0: Called Strike
2-1: Foul Ball, location: 9LDF
2-2: 3-RUN HOME RUN (Flyball, 78XD, EV 105.0 MPH), Distance : 418 ft
Pitching: LHP Phil Collette
Batting: RHB Tommy Holland 0-0: Ball
1-0: Called Strike
1-1: Foul Ball, location: 5SF
1-2: Foul Ball, location: 7LSF
1-2: Ball
2-2: DOUBLE (Flyball, 78XD, EV 111.9 MPH)
Batting: RHB Jeremy Roberts 0-0: Foul Ball, location: 9LMF
0-1: Foul Ball, location: 9LDF
0-2: Ball
1-2: Foul Ball, location: 3F
1-2: Foul Ball, location: 2F
1-2: Ball
2-2: Ground out 6-3 (Groundball, 6, EV 81.3 MPH)
Top of the 6th over - 3 runs, 2 hits, 0 errors, 1 left on base; FCL Arizona 5 - FCL Detroit 3
BOTTOM OF THE 6TH
FCL Detroit Tigers batting - Pitching for FCL Arizona Diamondbacks : RHP Jeff Holt
Now in CF: Juan González
Now in RF: Alfredo Arza
Pinch Hitting: RHB Eric Tidwell 0-0: Ball
1-0: Ball
2-0: Foul Ball, location: 3DF
2-1: Ball
3-1: Base on Balls
Pinch Hitting: RHB César Hernández 0-0: Foul Ball, location: 25F
0-1: Ball
1-1: Called Strike
1-2: Foul Ball, location: 2F
1-2: Foul Ball, location: 9LSFF
1-2: Strikes out swinging
Pinch Hitting: SHB Kevin Palmer 0-0: Swinging Strike
0-1: Ball
1-1: Foul Ball, location: 25F
1-2: Ball
2-2: Ball
3-2: SINGLE (Line Drive, 7S, EV 90.6 MPH)
Eric Tidwell to second
Eric Tidwell to third
Batting: LHB Buddy Burns 0-0: Called Strike
0-1: Ball
1-1: Called Strike
1-2: Ball
2-2: Strikes out looking
Batting: LHB José Pérez 0-0: Ball
1-0: Ball
2-0: Called Strike
2-1: Ball
3-1: Foul Ball, location: 9LMFF
3-2: SINGLE (Groundball, 23, EV 65.6 MPH) (infield hit)
Eric Tidwell scores
Kevin Palmer to second
Batting: RHB José Peña 0-0: Called Strike
0-1: TRIPLE (Flyball, 89XD, EV 108.8 MPH)
Kevin Palmer scores
José Pérez scores
Pitching: LHP Ian Craig
Batting: RHB Joe Murdoch 0-0: Ball
1-0: Swinging Strike
1-1: Ball
2-1: Ball
3-1: Called Strike
3-2: Base on Balls
Batting: SHB José Sánchez 0-0: Ball
1-0: Called Strike
1-1: Ball
2-1: Swinging Strike
2-2: Strikes out swinging
Bottom of the 6th over - 3 runs, 3 hits, 0 errors, 2 left on base; FCL Arizona 5 - FCL Detroit 6
TOP OF THE 7TH
FCL Arizona Diamondbacks batting - Pitching for FCL Detroit Tigers : LHP Phil Collette
Now at 2B: Luis Reyes
Now at 3B: Buddy Burns
Now at SS: Joe O'Neal
Now in RF: Steve Scott
Batting: RHB Juan Sánchez 0-0: Ball
1-0: SINGLE (Groundball, 6MD, EV 93.8 MPH)
Batting: RHB Jesús Ortega 0-0: Called Strike
0-1: Foul Ball, location: 2F
0-2: 2-RUN HOME RUN (Flyball, 9LD, EV 96.3 MPH), Distance : 346 ft
Batting: RHB Joe Nelson 0-0: Called Strike
0-1: Foul Ball, location: 2F
0-2: Ball
1-2: Strikes out swinging
Batting: RHB Gil Ramírez 0-0: Called Strike
0-1: Swinging Strike
0-2: Ball
1-2: Ball
2-2: Ball
3-2: Ground out 6-3 (Groundball, 6, EV 81.3 MPH)
Batting: RHB Juan González 0-0: Called Strike
0-1: Ground out 5-3 (Groundball, 56, EV 83.1 MPH)
Top of the 7th over - 2 runs, 2 hits, 0 errors, 0 left on base; FCL Arizona 7 - FCL Detroit 6
BOTTOM OF THE 7TH
FCL Detroit Tigers batting - Pitching for FCL Arizona Diamondbacks : LHP Ian Craig
Batting: RHB Doug Waller 0-0: Ball
1-0: Ball
2-0: Called Strike
2-1: Ball
3-1: Ground out 6-3 (Groundball, 6M, EV 80.6 MPH)
Batting: LHB Luis Reyes 0-0: Ball
1-0: Ball
2-0: Foul Ball, location: 2F
2-1: Swinging Strike
2-2: Foul Ball, location: 7LDF
2-2: Ball
3-2: Base on Balls
Batting: RHB Joe O'Neal
Pinch Hitting: RHB Jonathan Cole 0-0: Ball
1-0: Grounds into double play, 6-4-3 (Groundball, 6, EV 105.0 MPH)
Bottom of the 7th over - 0 runs, 0 hits, 0 errors, 0 left on base; FCL Arizona 7 - FCL Detroit 6
TOP OF THE 8TH
FCL Arizona Diamondbacks batting - Pitching for FCL Detroit Tigers : LHP Phil Collette
Now at SS: Ron Taylor
Batting: LHB Luis Castro 0-0: Called Strike
0-1: Ball
1-1: Ball
2-1: Ball
3-1: SOLO HOME RUN (Flyball, 89XD, EV 103.1 MPH), Distance : 411 ft
Batting: SHB Alfredo Arza 0-0: Foul Ball, location: 9LDF
0-1: Ball
1-1: SINGLE (Line Drive, 89M, EV 101.3 MPH)
Pitching: RHP Jim Unknown
Batting: RHB Tommy Holland 0-0: Swinging Strike
0-1: Ball
1-1: Foul Ball, location: 3SF
1-2: Foul Ball, location: 5DF
1-2: Ball
2-2: Foul Ball, location: 2F
2-2: Ball
3-2: Foul Ball, location: 5SF
3-2: 2-RUN HOME RUN (Flyball, 9D, EV 95.6 MPH), Distance : 374 ft
Batting: RHB Jeremy Roberts 0-0: Swinging Strike
0-1: Swinging Strike
0-2: Ball
1-2: Strikes out swinging
Batting: RHB Juan Sánchez 0-0: Ball
1-0: Ball
2-0: Called Strike
2-1: Called Strike
2-2: Ball
3-2: Base on Balls
Pinch Hitting: SHB Chris Wilkins 0-0: Called Strike
0-1: Ball
1-1: Ball
2-1: Ball
3-1: Foul Ball, location: 23F
3-2: Strikes out looking
Batting: RHB Joe Nelson 0-0: Ball
1-0: Ball
2-0: Ball
3-0: Base on Balls
Juan Sánchez to second
Batting: RHB Gil Ramírez 0-0: Fielders Choice at 2nd, 6-4 (Groundball, 6, EV 78.8 MPH)
Top of the 8th over - 3 runs, 3 hits, 0 errors, 2 left on base; FCL Arizona 10 - FCL Detroit 6
BOTTOM OF THE 8TH
FCL Detroit Tigers batting - Pitching for FCL Arizona Diamondbacks : LHP Ian Craig
Now at 2B: Ed Palmer
Pinch Hitting: LHB António Álvarez 0-0: Called Strike
0-1: Foul Ball, location: 25F
0-2: Ball
1-2: Ball
2-2: Strikes out swinging
Batting: LHB Buddy Burns 0-0: Swinging Strike
0-1: Foul Ball, location: 23F
0-2: Strikes out swinging
Batting: LHB José Pérez 0-0: Called Strike
0-1: Called Strike
0-2: Ball
1-2: Ball
2-2: Strikes out looking
Bottom of the 8th over - 0 runs, 0 hits, 0 errors, 0 left on base; FCL Arizona 10 - FCL Detroit 6
TOP OF THE 9TH
FCL Arizona Diamondbacks batting - Pitching for FCL Detroit Tigers : RHP Jim Unknown
Now in RF: António Álvarez
Batting: RHB Juan González 0-0: Foul Ball, location: 9LMF
0-1: Called Strike
0-2: Ground out 6-3 (Groundball, 6, EV 88.1 MPH)
Batting: LHB Luis Castro 0-0: Ball
1-0: Ball
2-0: Ball
3-0: Base on Balls
Batting: SHB Alfredo Arza 0-0: Foul Ball, location: 7LMF
0-1: Ball
1-1: Ball
2-1: Swinging Strike
2-2: Ball
3-2: Strikes out swinging
Luis Castro steals 2nd base
Batter strikes out.
Batting: RHB Tommy Holland 0-0: Called Strike
0-1: Foul Ball, location: 23FF
0-2: Ball
1-2: Foul Ball, location: 2F
1-2: Strikes out swinging
Top of the 9th over - 0 runs, 0 hits, 0 errors, 1 left on base; FCL Arizona 10 - FCL Detroit 6
BOTTOM OF THE 9TH
FCL Detroit Tigers batting - Pitching for FCL Arizona Diamondbacks : LHP Ian Craig
Batting: RHB José Peña 0-0: Ball
1-0: Ball
2-0: Swinging Strike
2-1: Ball
3-1: Foul Ball, location: 2F
3-2: Base on Balls
Batting: RHB Joe Murdoch 0-0: Grounds into double play, 6-4-3 (Groundball, 6D, EV 106.9 MPH)
Batting: SHB José Sánchez 0-0: Called Strike
0-1: Ball
1-1: SOLO HOME RUN (Flyball, 8LXD, EV 112.5 MPH), Distance : 453 ft
Pinch Hitting: LHB Ed Brown 0-0: Ball
1-0: Ball
2-0: Foul Ball, location: 9LSF
2-1: Foul Ball, location: 2F
2-2: SOLO HOME RUN (Flyball, 9D, EV 93.8 MPH), Distance : 369 ft
Pitching: RHP David Serna
Batting: LHB Luis Reyes 0-0: Called Strike
0-1: Swinging Strike
0-2: Strikes out swinging
Bottom of the 9th over - 2 runs, 2 hits, 0 errors, 0 left on base; FCL Arizona 10 - FCL Detroit 8
Monday, April 29th , 2024 - OOTP Baseball 24.10 Build 82